 Dungeon Crawl Stone Soup version 0.31-a0-188-g5e087ee2ca (webtiles) character file.

Game seed: 2990772953677358322

348 Ijustatesigmund the Stinger (level 6, -2/38 HPs)
             Began as an Octopode Venom Mage on June 23, 2023.
             Slain by a gnoll
             ... wielding a +0 halberd
             ... led by a gnoll sergeant
              (11 damage)
             ... on level 4 of the Dungeon.
             The game lasted 00:09:20 (4205 turns).

Ijustatesigmund the Stinger (Octopode Venom Mage)   Turns: 4205, Time: 00:09:21

Health: -2/38      AC:  1    Str:  7    XL:     6   Next: 60%
Magic:  4/11       EV: 13    Int: 20    God:
Gold:   262        SH:  0    Dex: 12    Spells: 2/12 levels left

rFire   . . .        g - +3 hand axe (venom)
rCold   . . .        (no shield)
rNeg    . . .        (helmet restricted)
rPois   .            (no amulet)
rElec   .            (no ring)
rCorr   .            (no ring)
SInv    .            (no ring)
Will    .....        (no ring)
Stlth   +++          (no ring)
HPRegen 0.26/turn    (no ring)
MPRegen 0.12/turn    (no ring)
                     (no ring)

%: no passive effects
@: no status effects
A: almost no armour, amphibious, 8 rings, camouflage 1, gelatinous body 1,
(nimble swimmer 1), tentacles
a: no special abilities


You were on level 4 of the Dungeon.
You visited 1 branch of the dungeon, and saw 4 of its levels.
You also visited: Sewer.

You collected 262 gold pieces.

Inventory:

Hand Weapons
 b - a +0 trident
 g - a +3 hand axe of venom (weapon)
 o - a +4 quarterstaff of chaos
Jewellery
 e - a ring of protection from fire
Scrolls
 i - 2 scrolls of enchant weapon
 j - a scroll of teleportation
 m - a scroll of revelation
 p - a scroll of torment {unknown}
Potions
 a - a potion of magic
 c - a potion of mutation
 d - a potion of enlightenment
 f - a potion of lignification
 h - 3 potions of invisibility {unknown}
 k - a potion of might {unknown}
 l - 2 potions of attraction {unknown}
 n - a potion of heal wounds {unknown}


   Skills:
 - Level 1.1 Fighting
 - Level 2.0 Dodging
 - Level 2.6 Stealth
 + Level 3.5 Spellcasting
 + Level 2.5 Conjurations
 - Level 1.0 Transmutations
 + Level 2.8 Air Magic
 + Level 5.3 Poison Magic


You had 2 spell levels left.
You knew the following spells:

 Your Spells              Type           Power      Damage    Failure   Level
a - Sting                 Tmut/Pois      64%        1d6       3%          1
b - Poisonous Vapours     Pois/Air       40%        N/A       3%          2
c - Mephitic Cloud        Conj/Pois/Air  17%        N/A       10%         3
d - Olgreb's Toxic Radia  Pois           24%        N/A       16%         4

Your spell library contained the following spells:

 Spells                   Type           Power      Damage    Failure   Level
 Beastly Appendage        Tmut           14%        N/A       9%          1
 Wereblood                Tmut           7%         N/A       14%         2
 Sublimation of Blood     Necr           3%         N/A       21%         2
 Spider Form              Tmut/Pois      16%        N/A       11%         3
 Summon Hydra             Summ           1%         N/A       100%        7


Dungeon Overview and Level Annotations

Branches:
Dungeon (4/15)              Sewer (visited)
 Temple: D:4-7

Altars:
Dithmenos
Hepliaklqana
Kikubaaqudgha
Xom


Innate Abilities, Weirdness & Mutations

You cannot wear most types of armour.
You are amphibious.
You can wear up to eight rings at the same time.
Your skin changes colour to match your surroundings (Stealth+).
Your rubbery body absorbs attacks. (AC +1, EV +1)
((You are camouflaged when in or above water. (Stealth+)))
You have tentacles for arms and can constrict up to eight enemies at once.


Message History

Casting: Poisonous Vapours (safe; 3% risk of failure)
Confirm with . or Enter, or press ? or * to list all spells.
Aiming: Poisonous Vapours (safe; 3% risk of failure)
Press: ? - help, Dir - move target, f/p - gnoll
Aim: a gnoll, wielding a +0 spear and quivering datura-tipped darts (lightly wounded, poisoned) Poisonous vapours surround the gnoll!
The gnoll looks even sicker.
Unknown command.
The gnoll shouts!
The orc shouts!
The gnoll throws a datura-tipped dart.
The datura-tipped dart misses you.
The endoplasm quivers.
You hit the gnoll.
The gnoll looks as sick as possible!
Your grab misses the gnoll. Your squeeze misses the gnoll.
The gnoll is moderately wounded.
The gnoll hits you from afar with a +0 halberd!
The gnoll hits you with a +0 spear!
You are too injured to fight recklessly!
You are too injured to fight recklessly!
You are too injured to fight recklessly!
You are too injured to fight recklessly!
You are too injured to fight recklessly!
You are too injured to fight recklessly!
You are too injured to fight recklessly!
Unknown command.
Casting: Poisonous Vapours (safe; 3% risk of failure)
Confirm with . or Enter, or press ? or * to list all spells.
The spell is quite dangerous to miscast (16% risk of failure)!
Continue anyway? [Y]es or [N]o only, please.
The spell is quite dangerous to miscast (16% risk of failure)!
Continue anyway?
You begin to radiate toxic energy.
The gnoll is poisoned.
The orc is poisoned.
The gnoll looks as sick as possible!
The orc looks even sicker.
You kill the orc!
The gnoll barely misses you. The gnoll hits you with a +0 spear!
* * * LOW HITPOINT WARNING * * *
You hit the gnoll.
You kill the gnoll!
The gnoll looks even sicker.
Your toxic aura wanes.
The gnoll completely misses you.
The gnoll hits you from afar with a +0 halberd!
You die...

...._≈≈......# ...
.≈≈≈≈≈≈......# .)#
≈≈≈≈≈≈..:....# ..#
......$......### ..#
#..$.........### ..###
######..#....#.... ....##
.................. ..#..#.
#####......#......
.......#######..@)...).....
..##............)J........#
..########......g..........
#........###.....†..)...#..
#>.......###.......[)....##
.........#..........)......
.........##).............#.
####..†.................#..
## #....................# .


You could see a gnoll (very poisoned) and an endoplasm.

Vanquished Creatures
  A gnoll sergeant (D:4)
  A scorpion (D:4)
  A jelly (D:4)
  Crazy Yiuf (D:3)
  A hell rat (Sewer)
  3 gnolls (D:4)
  An adder (D:3)
  3 river rats
  A worm (D:2)
  8 orcs
  7 endoplasms
  2 giant cockroaches
  7 goblins
  4 hobgoblins
  8 jackals (D:1)
  A quokka (D:1)
  5 ball pythons
  10 bats
  A frilled lizard (D:3)
  5 kobolds
  9 rats
80 creatures vanquished.

Notes
Turn   | Place    | Note
-------+----------+-------------------------------------------
     0 | D:1      | Ijustatesigmund the Octopode Venom Mage began the quest for
                  | the Orb.
     0 | D:1      | Reached XP level 1. HP: 11/11 MP: 3/3
    67 | D:1      | Reached XP level 2. HP: 10/18 MP: 1/5
   214 | D:1      | Learned a level 2 spell: Poisonous Vapours
   597 | D:1      | Reached skill level 1 in Fighting
   597 | D:1      | Reached skill level 4 in Poison Magic
   910 | D:1      | Reached XP level 3. HP: 23/23 MP: 3/6
   914 | D:1      | Learned a level 3 spell: Mephitic Cloud
  1545 | D:2      | Reached skill level 1 in Air Magic
  2223 | D:3      | Found a shadowy altar of Dithmenos.
  2246 | D:3      | Reached XP level 4. HP: 23/28 MP: 1/7
  2516 | D:3      | Found an ancient bone altar of Kikubaaqudgha.
  2726 | D:3      | Reached skill level 1 in Conjurations
  2745 | D:3      | Found a glowing drain.
  2754 | Sewer    | Entered a sewer
  3015 | Sewer    | Reached XP level 5. HP: 11/33 MP: 1/9
  3266 | D:3      | Found a runed translucent door.
  3272 | D:3      | Learned a level 4 spell: Olgreb's Toxic Radiance
  3272 | D:3      | Noticed Crazy Yiuf
  3282 | D:3      | Killed Crazy Yiuf
  3750 | D:4      | Found a hazy altar of Hepliaklqana.
  4000 | D:4      | Reached skill level 5 in Poison Magic
  4000 | D:4      | Reached XP level 6. HP: 38/38 MP: 3/11
  4190 | D:4      | Found a shimmering altar of Xom.
  4205 | D:4      | Slain by a gnoll

Illustrated notes

Levels and vault maps discovered:
D:1:      erik_arrival_orb_chamber, layout_loops_ring
D:2:      layout_basic, serial_curves, eino_curves_02, eino_curves_03,
          eino_curves_02
D:3:      layout_loops_ring, old_standard_altar, amcnicky_altar_gilded,
          portal_sewer_entry_b, uniq_crazy_yiuf_cottage
D:4:      layout_rooms, lemuel_doored_altar, mainiacjoe_overflow_catwalk,
          lemuel_crystal_altar, minmay_temple_entry_mini_moons, uniq_edmund

Skill      XL: |  1  2  3  4  5 |
---------------+----------------+-----
Fighting       | 1 |  1.1
Poison Magic   | 4 5 |  5.3
Air Magic      | 1 2 |  2.8
Conjurations   | 1 2 |  2.5
Spellcasting   | 3 |  3.5
Dodging        | |  2.0
Stealth        | |  2.6
Transmutations | |  1.0

Action                     |  1- 3 |  4- 6 || total
---------------------------+-------+-------++-------
  Melee: Unarmed           |    20 |       ||    20
         Constrict         |    19 |    12 ||    31
         Tentacles         |    12 |    10 ||    22
         Punch             |     1 |     1 ||     2
         Whip              |    38 |       ||    38
         Trident           |    14 |       ||    14
         Hand axe          |     3 |    46 ||    49
   Cast: Sting             |    18 |     3 ||    21
         Poisonous Vapours |    25 |    25 ||    50
         Mephitic Cloud    |       |     4 ||     4
         Olgreb's Toxic Ra |       |     3 ||     3
    Use: Scroll            |     8 |     5 ||    13
         Potion            |     1 |     1 ||     2
   Stab: Sleeping          |     2 |     2 ||     4
         Confused          |       |     5 ||     5
 Armour: Skin              |     6 |     2 ||     8
  Dodge: Dodged            |    46 |    33 ||    79

Table legend: (Time is in decaauts)
 A = Elapsed time spent in this place.
 B = Non-inter-level travel time spent in this place.
 C = Inter-level travel time spent in this place.
 D = Time resting spent in this place.
 E = Time spent auto-exploring this place.
 F = Levels seen in this place.
 G = Mean time per level.
                   A        B        C        D        E       F      G
               +--------+--------+--------+--------+--------+-----+--------+
         Total |   4226 |   4150 |     76 |   1245 |   2286 |   5 |  845.2 |
       Dungeon |   3775 |   3699 |     76 |    946 |   2209 |   4 |  943.8 |
         Sewer |    451 |    451 |      0 |    299 |     77 |   1 |  451.0 |
               +--------+--------+--------+--------+--------+-----+--------+

Top non-repeatable levels by time:
     D:3: 1408 daAuts
     D:1: 1232 daAuts
     D:2: 908 daAuts
   Sewer: 451 daAuts
     D:4: 225 daAuts
